 Dungeon Crawl Stone Soup version 0.26-a0-487-gbff1e92059 (webtiles) character file.

Game seed: 11365421642595455363

348 Conn the Magician (level 6, 0/33 HPs)
             Began as a Deep Elf Hedge Wizard on Aug 2, 2020.
             Was a Follower of Sif Muna.
             Killed from afar by a white imp (9 damage)
             ... with a puff of frost
             ... on level 5 of the Dungeon.
             The game lasted 00:11:01 (4753 turns).

Conn the Magician (Deep Elf Hedge Wizard)           Turns: 4753, Time: 00:11:05

Health: 0/33       AC: 10    Str:  7    XL:     6   Next: 33%
Magic:  14/17      EV: 13    Int: 21    God:    Sif Muna [*.....]
Gold:   198        SH:  3    Dex: 14    Spells: 6/17 levels left

rFire    . . .     SeeInvis .   q - +0 morningstar (protect)
rCold    . . .     Faith    .   m - +0 buckler
rNeg     . . .     Spirit   .   b - +0 robe
rPois    .         Reflect  .   c - +0 hat
rElec    .         Harm     .   (no cloak)
rCorr    .                      (no gloves)
MR       .....                  p - +0 pair of boots
Stlth    ++........             (no amulet)
HPRegen  0.11/turn              (no ring)
MPRegen  0.15/turn              (no ring)

@: protection aura
A: no striking features
a: Channel Magic, Renounce Religion


You were on level 5 of the Dungeon.
You worshipped Sif Muna.
Sif Muna was aware of your devotion.
You visited 1 branch of the dungeon, and saw 5 of its levels.

You collected 198 gold pieces.

Inventory:

Hand Weapons
 a - a +0 dagger
 g - a +0 short sword
 l - a +0 mace of distortion
 n - a +1 dagger of speed
 q - a +0 morningstar of protection (weapon)
 r - a +1 vampiric dagger
Missiles
 o - 24 poisoned darts (quivered)
Armour
 b - a +0 robe (worn)
 c - a +0 hat (worn)
 m - a +0 buckler (worn)
 p - a +0 pair of boots (worn)
Scrolls
 d - 5 scrolls of identify
 e - 6 scrolls of remove curse
 f - a scroll of teleportation {unknown}
 s - a scroll of amnesia {unknown}
Potions
 h - a potion of curing {unknown}
 i - 3 potions of flight {unknown}
 j - a potion of might {unknown}
 k - 3 potions of mutation {unknown}
 t - a potion of ambrosia {unknown}
 u - a potion of heal wounds {unknown}


   Skills:
 + Level 0.6 Fighting
 + Level 0.6 Short Blades
 + Level 1.1 Maces & Flails
 + Level 3.3 Dodging
 + Level 3.2 Stealth
 + Level 0.2 Shields
 * Level 6.2 Spellcasting
 * Level 2.0 Conjurations
 + Level 1.4 Summonings
 * Level 2.6 Translocations
 * Level 1.9 Fire Magic
 * Level 1.5 Air Magic


You had 6 spell levels left.
You knew the following spells:

 Your Spells              Type           Power        Failure   Level
a - Magic Dart            Conj           ###.         7%          1
b - Blink                 Tloc           N/A          8%          2
c - Call Imp              Summ           ##......     13%         2
d - Conjure Flame         Conj/Fire      ##......     21%         3
e - Mephitic Cloud        Conj/Pois/Air  ##......     28%         3

Your spell library contained the following spells:

 Spells                   Type           Power        Failure   Level
 Slow                     Hex            #.......     24%         2


Dungeon Overview and Level Annotations

Branches:
Dungeon (5/15)             Temple (0/1) D:4

Altars:
Okawaru
Ru
Sif Muna


Message History

There is a stone staircase leading up here.
You hit the orc.
Your weapon exudes an aura of protection.
The orc is severely wounded.
You block the orc's attack.
You barely miss the orc.
The orc is severely wounded.
The orc closely misses you. The orc hits you with a +0 flail.
* * * LOW HITPOINT WARNING * * *
You hit the orc.
Your weapon exudes an aura of protection.
The orc is almost dead.
The orc misses you.
You thump the orc!
You kill the orc!
Sif Muna accepts your kill.
The white imp shouts!
The white imp gestures at you. The puff of frost hits you!
You die...

#...#
#.5.#
##..$##
.....
#...#
#...#
#)..#
#.@.#
#...$.#
#.).###
#...
#...
#...
#...
+...


You could see a white imp.

Vanquished Creatures
  A phantom (D:4)
  A hound (D:4)
  A jelly (D:4)
  An iguana (D:4)
  3 adders (D:2)
  An ooze (D:2)
  2 dart slugs
  2 leopard geckos
  6 orcs
  3 ball pythons
  3 giant cockroaches
  5 goblins
  8 hobgoblins
  4 jackals (D:2)
  12 kobolds
  8 bats
  6 frilled lizards
  A leopard gecko skeleton (D:4)
  9 rats
  2 plants (D:4)
79 creatures vanquished.

Vanquished Creatures (collateral kills)
  A big kobold (D:4)
  An adder (D:2)
  A leopard gecko (D:3)
  10 orcs
  A hobgoblin (D:3)
  2 kobolds (D:3)
  A bat (D:3)
  2 rats (D:4)
19 creatures vanquished.

Vanquished Creatures (others)
  A ball python (D:2)
1 creature vanquished.

Grand Total: 99 creatures vanquished

Notes
Turn   | Place    | Note
-------+----------+-------------------------------------------
     0 | D:1      | Conn the Deep Elf Hedge Wizard began the quest for the Orb.
     0 | D:1      | Reached XP level 1. HP: 10/10 MP: 7/7
   262 | D:1      | Reached XP level 2. HP: 11/15 MP: 6/9
   273 | D:1      | Reached skill level 5 in Spellcasting
  1212 | D:1      | Reached XP level 3. HP: 19/19 MP: 11/11
  1216 | D:1      | Learned a level 2 spell: Blink
  1219 | D:1      | Learned a level 2 spell: Call Imp
  1223 | D:1      | Learned a level 3 spell: Conjure Flame
  1227 | D:1      | Learned a level 3 spell: Mephitic Cloud
  1907 | D:2      | Reached XP level 4. HP: 21/24 MP: 13/13
  1980 | D:2      | Found an iron altar of Okawaru.
  2512 | D:2      | Found a shimmering blue altar of Sif Muna.
  2520 | D:2      | Became a worshipper of Sif Muna the Loreminder
  2682 | D:2      | Found a sacrificial altar of Ru.
  3290 | D:3      | Reached * piety under Sif Muna
  3826 | D:4      | Noticed a big kobold
  3857 | D:4      | Killed a big kobold
  3857 | D:4      | Reached skill level 6 in Spellcasting
  3857 | D:4      | Reached skill level 1 in Air Magic
  3857 | D:4      | Reached XP level 5. HP: 9/28 MP: 10/15
  4161 | D:4      | Reached skill level 1 in Fire Magic
  4236 | D:4      | Found a staircase to the Ecumenical Temple.
  4389 | D:4      | Reached XP level 6. HP: 14/33 MP: 17/17
  4719 | D:4      | Reached skill level 1 in Maces & Flails
  4749 | D:5      | Entered Level 5 of the Dungeon
  4753 | D:5      | Killed from afar by a white imp

Illustrated notes

Levels and vault maps discovered:
D:1:      lemuel_arrival_room, layout_basic, minivault_24, wad_floor_pattern_2,
          grunt_decor_fettered
D:2:      layout_basic, okawaru_gym_becter, lemuel_round_altar,
          nicolae_ru_the_path_less_chosen
D:3:      layout_basic, st_stairs_11, minmay_statues_item
D:4:      layout_basic, vehumet_altar_wand_db, minmay_temple_entry_glass,
          hangedman_abyss_or_decor_passed, lexackson_kobold_supper
D:5:      layout_basic, overflow_temple_1_default, kb_xom_exploding_sheep,
          gup_sewer_entry_pipe, serial_shops, nicolae_shop_statue_plus, shop,
          nicolae_shop_crystal, kennysheep_mini_moat, minmay_misc_feat_encased,
          uniq_crazy_yiuf_cottage

Skill      XL: |  1  2  3  4  5  6 |
---------------+-------------------+-----
Spellcasting   | 5 6 |  6.2
Stealth        | 3 |  3.2
Dodging        | 3 |  3.3
Translocations | 2 |  2.6
Air Magic      | 1 |  1.5
Fire Magic     | 1 |  1.9
Maces & Flails | 1 |  1.1
Conjurations   | 2 |  2.0
Fighting       | |  0.6
Short Blades   | |  0.6
Shields        | |  0.2
Summonings     | |  1.4

Action                   |  1- 3 |  4- 6 || total
-------------------------+-------+-------++-------
Melee: Dagger            |    21 |    26 ||    47
       Short sword       |    12 |       ||    12
       Mace              |    31 |    18 ||    49
       Morningstar       |       |   126 ||   126
 Cast: Magic Dart        |    68 |    41 ||   109
       Call Imp          |     1 |    14 ||    15
       Blink             |       |     2 ||     2
  Use: Scroll            |     1 |     3 ||     4
 Stab: Sleeping          |     5 |     4 ||     9
Armor: Robe              |    21 |    49 ||    70
Dodge: Dodged            |    94 |   124 ||   218
Block: Buckler           |     2 |    33 ||    35

Table legend: (Time is in decaauts)
 A = Elapsed time spent in this place.
 B = Non-inter-level travel time spent in this place.
 C = Inter-level travel time spent in this place.
 D = Time resting spent in this place.
 E = Time spent auto-exploring this place.
 F = Levels seen in this place.
 G = Mean time per level.
                   A        B        C        D        E       F      G
               +--------+--------+--------+--------+--------+-----+--------+
         Total |   4827 |   4717 |    110 |   1469 |   1864 |   5 |  965.4 |
       Dungeon |   4827 |   4717 |    110 |   1469 |   1864 |   5 |  965.4 |
               +--------+--------+--------+--------+--------+-----+--------+

Top non-repeatable levels by time:
     D:2: 1523 daAuts
     D:1: 1397 daAuts
     D:4: 1009 daAuts
     D:3: 892 daAuts
     D:5: 5 daAuts
